 Dungeon Crawl Stone Soup version 0.17.2-1-ge4368a0 (webtiles) character file.

13 Goblin1989 the Vexing (level 2, 0/21 HPs)
             Began as a Human Enchanter on Jan 10, 2017.
             Was an Initiate of Nemelex Xobeh.
             Slain by a goblin
             ... wielding a +0 club
              (1 damage)
             ... on level 1 of the Dungeon.
             The game lasted 00:08:16 (392 turns).

Goblin1989 the Vexing (Human Enchanter)              Turns: 392, Time: 00:08:16

Health: 0/21       AC:  3    Str:  8    XL:     2   Next: 50%
Magic:  5/5        EV: 12    Int: 15    God:    Nemelex Xobeh [......]
Gold:   15         SH:  0    Dex: 13    Spells: 0 memorised, 5 levels left

rFire  . . .     SeeInvis .     h - -2 whip (curse)
rCold  . . .     Clarity  .     b - +1 robe
rNeg   . . .     SustAt   .     (no shield)
rPois  .         Gourm    .     (no helmet)
rElec  .         Spirit   .     (no cloak)
rCorr  .         Warding  .     (no gloves)
rMut   .         Stasis   .     (no boots)
MR     .....                    (no amulet)
Stlth  ++........               (no ring)
                                (no ring)

@: not resistant to hostile enchantments, unstealthy
A: no striking features
a: Renounce Religion


You were on level 1 of the Dungeon.
You worshipped Nemelex Xobeh.
Nemelex Xobeh was noncommittal.
You were not hungry.

You visited 1 branch of the dungeon, and saw 1 of its levels.

You collected 15 gold pieces.

Inventory:

Hand Weapons
 a - a +1 dagger
 h - a cursed -2 whip (weapon)
Armour
 b - a +1 robe (worn)
Books
 c - a book of Maledictions

   Spells                             Type                      Level
   a - Corona                         Hexes                        1
   b - Ensorcelled Hibernation        Hexes/Ice                    2
   c - Confuse                        Hexes                        3
   d - Tukima's Dance                 Hexes                        3
   e - Dazzling Spray                 Conjuration/Hexes            3
Miscellaneous
 f - a plain deck of changes {drawn: 1}
 g - a plain deck of destruction {drawn: 3}
Comestibles
 d - a bread ration {@e1}
 i - a meat ration {@e2}


   Skills:
 - Level 1.2 Fighting
 - Level 1.0 Short Blades
 - Level 2.0 Dodging
 - Level 3.0 Stealth
 - Level 2.0 Spellcasting
   Level 3.0 Hexes
 + Level 1.3 Evocations


You had 5 spell levels left.
You didn't know any spells.

Dungeon Overview and Level Annotations

Branches:
Dungeon (1/15)

Altars:
Nemelex Xobeh


Message History

A goblin comes into view. It is wielding a club.
A giant cockroach comes into view.
The goblin shouts!
You hear a shout!
The goblin completely misses you.
You barely miss the goblin. The goblin hits you but does no damage.
A kobold comes into view.
You hit the goblin but do no damage. The goblin hits you with a club.
* * * LOW HITPOINT WARNING * * *
You take 4 damage, and have 1/21 hp.
Evoke which item? (* to show all) (? for menu, Esc to quit)
You draw a card...
It is the Orb.
You have drawn the Orb.
Press: ? - help, Shift-Dir - straight line, f - kobold
Aim: a kobold The orb of energy misses the goblin.
The orb of energy hits the kobold.
You kill the kobold!
The goblin barely misses you.
You hit the goblin but do no damage. The goblin hits you with a club.
You die...
Your body disappears without a glow.

███.████.██████...).
█......K.........█∆█
█........█████████.█
███████.███████........█ .
..8.....█ █........█ ..
█...██.(█ █........█ ...
██.██...█ █........█ ....
█∆█..█g█ ███........█ .....
█∆█..█@█ ██..........█
......██Ψ██...████...........█
......∆Ψ<Ψ∆...██....≈≈≈≈.....█
......██Ψ██...██....≈≈≈≈8...██
██..█..█∆█....██....≈≈≈≈......
█..█..█∆█....██..........████
█...██.██...██..............
████..██...██..████████........
.........8.....██..............


You could see a goblin.

Vanquished Creatures
  A giant gecko (D:1)
  A ball python (D:1)
  2 bats (D:1)
  A giant newt (D:1)
  5 goblins (D:1)
  2 kobolds (D:1)
  A rat (D:1)
13 creatures vanquished.

Notes
Turn   | Place    | Note
--------------------------------------------------------------
     0 | D:1      | Goblin1989 the Human Enchanter began the quest for the Orb.
     0 | D:1      | Reached XP level 1. HP: 13/13 MP: 3/3
    78 | D:1      | Reached skill level 1 in Fighting
   103 | D:1      | Found a sparkling altar of Nemelex Xobeh.
   107 | D:1      | Became a worshipper of Nemelex Xobeh the Trickster
   222 | D:1      | Received a gift from Nemelex Xobeh
   233 | D:1      | Reached XP level 2. HP: 5/21 MP: 5/5
   294 | D:1      | Reached skill level 1 in Evocations
   386 | D:1      | HP: 1/21 [goblin/club (4)]
   392 | D:1      | Slain by a goblin

Action                   || total
-------------------------++-------
Melee: Dagger            ||    31
       Whip              ||    24
 Cast: Corona            ||     3
Evoke: Deck              ||     4
  Use: Scroll            ||     2
 Stab: Sleeping          ||     3

Vault maps used:
D:1:      grunt_arrival_crossed_arrows, serial_park_tiny_pond, nemelex_deck
